 Dungeon Crawl Stone Soup version 0.17-a0-1655-g88a8506 (webtiles) character file.

3838 esc the Covered (level 10, -1/64 HPs)
             Began as a Gargoyle Fighter on Aug 15, 2015.
             Slain by a giant frog skeleton (6 damage)
             ... on level 10 of the Dungeon.
             The game lasted 00:21:39 (8917 turns).

esc the Covered (Gargoyle Fighter)                  Turns: 8917, Time: 00:21:40

Health: -1/64      AC:  2    Str: 20      XL:     10   Next: 18%
Magic:  10/10      EV: 23    Int:  9      God:    Xom [.*....]
Gold:   416        SH:  0    Dex: 16 (17) Spells: 0 memorised, 9 levels left

rFire  . . .     SeeInvis .     (weapon currently unavailable)
rCold  . . .     Clarity  .     (armour currently unavailable)
rNeg   + . .     SustAt   .     (shield currently unavailable)
rPois  ∞         Gourm    .     (helmet currently unavailable)
rElec  .         Spirit   .     (cloak currently unavailable)
rCorr  .         Warding  .     (gloves currently unavailable)
rMut   .         Stasis   .     (boots currently unavailable)
MR     .....                    (no amulet)
Stlth  ++........               (no ring)
                                r - ring of stealth {Stlth+}

@: spider-form, not resistant to hostile enchantments, unstealthy
A: negative energy resistance 1, (electricity resistance), (unbreathing),
petrification resistance, rot immunity, AC +7
a: Renounce Religion


You were on level 10 of the Dungeon.
You worshipped Xom.
You were a plaything of Xom.
You were not hungry.
You were a venomous arachnid creature.
You visited 1 branch of the dungeon, and saw 10 of its levels.

You collected 416 gold pieces.

Inventory:

Hand weapons
 a - a +1 flail (melded)
 K - a +3 spear of flaming
   (You took it off a gnoll sergeant on level 9 of the Dungeon)
Missiles
 B - 2 poisoned javelins
 L - 5 tomahawks (quivered)
Armour
 c - a +0 shield
 u - the +0 ring mail "Rafiss" (melded) {MR+ Regen+ rCorr Dex-3}
   (You found it on level 4 of the Dungeon)

   It affects your dexterity (-3).
   It affects your resistance to hostile enchantments.
   It increases your rate of regeneration.
   It protects you from acid and corrosion.
 F - a +0 cloak (melded)
   (You found it on level 7 of the Dungeon)
 M - the +2 pair of boots of Xom's Generosity (melded) {rCorr Str+4 Stlth+}
   (Xom gifted it to you on level 8 of the Dungeon)

   It affects your strength (+4).
   It protects you from acid and corrosion.
   It makes you more stealthy.
 N - a +1 pair of gloves (melded)
   (You found it on level 8 of the Dungeon)
 O - a +2 buckler of poison resistance (melded)
   (You found it on level 8 of the Dungeon)
Jewellery
 j - an uncursed ring of ice {rC+, rF-}
   (You found it on level 4 of the Dungeon)
 r - a ring of stealth (left front leg) {Stlth+}
   (You found it on level 4 of the Dungeon)
Magical devices
 i - a wand of enslavement (11)
   (You found it on level 5 of the Dungeon)
 l - a wand of frost (0)
   (You took it off Terence on level 2 of the Dungeon)
 o - a wand of random effects (20)
   (You found it on level 10 of the Dungeon)
 p - a wand of enslavement (12)
   (You found it on level 8 of the Dungeon)
 s - a wand of slowing (34)
   (You found it on level 5 of the Dungeon)
 G - a wand of digging (9)
   (You found it on level 7 of the Dungeon)
 H - a wand of fireball (10)
   (You found it on level 7 of the Dungeon)
 I - a wand of confusion (31)
   (You found it on level 8 of the Dungeon)
 J - a wand of magic darts (32)
   (You found it on level 8 of the Dungeon)
Scrolls
 g - 7 scrolls of remove curse
 m - 3 scrolls of enchant armour
 q - 5 scrolls of teleportation
 t - 4 scrolls of magic mapping {!r}
 v - a scroll of enchant weapon
 w - 2 scrolls of fear
 P - a scroll of fog
 R - a scroll of amnesia
 T - a scroll of blinking {!r}
Potions
 b - 3 potions of invisibility
 d - 2 potions of resistance
 f - 3 potions of brilliance
 k - a potion of heal wounds
 x - a potion of lignification {!q}
 z - a potion of might
 A - 2 potions of curing {unknown}
 C - 2 potions of degeneration {unknown}
 D - a potion of agility {unknown}
 S - a potion of flight {unknown}
Books
 y - a book of Maledictions
   (You found it on level 6 of the Dungeon)
 E - a book of Air
   (You found it on level 6 of the Dungeon)
 Q - a book of the Sky
   (You found it on level 9 of the Dungeon)
Comestibles
 e - 3 bread rations {@e1}
 h - 8 meat rations {@e2}
 n - a beef jerky


   Skills:
 + Level 7.8 Fighting
 + Level 6.6 Maces & Flails
 + Level 7.9 Armour
 + Level 5.2 Dodging
 + Level 7.6 Shields


You had 9 spell levels left.
You didn't know any spells.

Dungeon Overview and Level Annotations

Branches:
Dungeon (10/15)            Temple (0/1) D:7            Lair (0/8) D:8
    Orc: D:9-12

Altars:
Ashenzari
Cheibriados
Dithmenos
Elyvilon
Fedhas
Gozag
Makhleb
Nemelex Xobeh
Sif Muna
Trog
Vehumet
Xom
Zin
The Shining One

Shops:
D:4 ?

Annotations:
D:10 kae's ghost, experienced DsNe


Innate Abilities, Weirdness & Mutations

You are resistant to torment.
((Your stone body is resilient (AC +7).))
You are immune to poison.
You resist negative energy.
((You are resistant to electric shocks.))
((You can survive without breathing.))
You are immune to petrification.
You are immune to rotting.


Message History

Charge which item? (? for menu, Esc to quit)
Your wand of fireball {zapped: 5} glows for a moment.
h - 8 meat rations {@e2} (gained 1)
o - a wand of random effects Psyche the Insane Magess comes into view.
She is wielding a dagger of distortion.
Psyche shouts!
Psyche moves out of view.
You see here 2 poisoned javelins.
B - 2 poisoned javelins Psyche points at you and mumbles some strange words.
The puff of flame hits you!
You take 3 damage, and have 61/64 hp.
Psyche gestures at you while chanting. The magic dart hits you!
You take 1 damage, and have 60/64 hp.
You hit Psyche.
Psyche hits you with a dagger of distortion.
You blink.
Found a stone staircase leading down.
Psyche laughs secretively.
You hear a distant slurping noise.
Psyche barely misses you.
You hit Psyche but do no damage. You block Psyche's attack.
You hit Psyche. Psyche hits you but does no damage.
Space warps horribly around you! Psyche hits you but does no damage.
Space warps horribly around you!
You take 38 damage, and have 24/64 hp.
MASSIVE DAMAGE!!
You barely miss Psyche. Psyche casts a spell at you.
The puff of flame hits you!
You sock Psyche! Psyche hits you but does no damage. Space bends around you.
You take 3 damage, and have 22/64 hp.
Unknown command.
Drink which item? (? for menu, Esc to quit)
Okay, then.
You sock Psyche!
Xom plays with reality for a moment.
You turn into a venomous arachnid creature.
Your +1 flail melds into your body.
Your +0 cloak melds into your body.
Your +1 pair of gloves melds into your body.
The +2 pair of boots of Xom's Generosity {rCorr Str+4 Stlth+} melds into your body.
Your +2 buckler of poison resistance melds into your body.
The +0 ring mail "Rafiss" {MR+ Regen+ rCorr Dex-3} melds into your body.
Psyche casts a spell at you. The magic dart hits you!
* * * LOW HITPOINT WARNING * * *
Psyche hits you with a dagger of distortion!
* * * LOW HITPOINT WARNING * * *
You blink.
You take 14 damage, and have 8/64 hp.
MASSIVE DAMAGE!!
Drink which item? (? for menu, Esc to quit)
You feel much better.
You regained 17 hp, and now have 25/64 hp.
Really attack barehanded? [Y]es or [N]o only, please.
Really attack barehanded? [Y]es or [N]o only, please.
Really attack barehanded?
Okay, then.
Unknown command.
Really attack barehanded?
You hit Psyche.
Psyche is poisoned.
Psyche points at you and mumbles some strange words.
The puff of frost misses you. Psyche misses you.
You closely miss Psyche. Psyche closely misses you.
You hit Psyche. Psyche barely misses you.
You hit Psyche but do no damage.
Psyche looks even sicker.
Psyche gestures at you while chanting. The puff of frost misses you.
You bite Psyche!
Psyche hits you with a dagger of distortion!
* * * LOW HITPOINT WARNING * * *
Space bends around you.
* * * LOW HITPOINT WARNING * * *
Psyche casts a spell at you. The puff of frost hits you!
* * * LOW HITPOINT WARNING * * *
Xom thinks this is hilarious!
You take 23 damage, and have 3/64 hp.
MASSIVE DAMAGE!!
You kill Psyche!
You feel your dexterity returning.
You start resting.
You start resting.
The giant frog skeleton hits you.
* * * LOW HITPOINT WARNING * * *
You take 1 damage, and have 5/64 hp.
You hit the giant frog skeleton but do no damage.
The giant frog skeleton misses you.
You hit the giant frog skeleton. The giant frog skeleton misses you.
You hit the giant frog skeleton but do no damage.
The giant frog skeleton misses you.
You hit the giant frog skeleton. The giant frog skeleton misses you.
The giant frog skeleton hits you.
You die... "This toy is broken."

#.# .# #.# .# .. #.#
.# #:## #<# .# #..#
##.###.#####..####
...#.........(.>....
............#.# #..#
..#.#.###...#.###..#
#.#.###.......sZ.#
#............###.##
#.#.###..##..# #..#
#.#.###..##..###..##
# #............Z.#
#..#.##..##)...#
...........##..#.#
#............##..#.#
##.##.##.######..#.#


You could see a giant frog skeleton.

Vanquished Creatures
  Psyche (D:10)
  4 yaks (D:9)
  Menkaure (D:7)
  3 ice beasts
  4 phantoms
  A sky beast (D:9)
  3 ogres
  2 centaurs
  A gnoll sergeant (D:9)
  3 giant frogs
  5 scorpions
  A crimson imp (D:8)
  4 hounds
  A jelly (D:7)
  3 orc priests
  13 orc wizards
  Ijyb (D:3)
  Jessica (D:3)
  Terence (D:2)
  4 worker ants
  2 killer bee zombies
  A hound zombie (D:5)
  8 adders
  9 gnolls
  4 shadow imps
  2 worms
  An adder skeleton (D:5)
  37 orcs
  A ball python (D:1)
  5 bats
  9 goblins
  10 hobgoblins
  9 jackals
  7 quokkas
  A ball python zombie (D:5)
  4 giant cockroaches
  3 giant geckos (D:4)
  A giant gecko skeleton (D:4)
  A giant gecko zombie (D:7)
  6 giant newts
  2 jackal skeletons
  11 kobolds
  2 quokka skeletons
  4 rats
197 creatures vanquished.

Vanquished Creatures (collateral kills)
  An iguana (D:5)
  An orc wizard (D:4)
2 creatures vanquished.

Grand Total: 199 creatures vanquished

Notes
Turn   | Place    | Note
--------------------------------------------------------------
     0 | D:1      | esc the Gargoyle Fighter began the quest for the Orb.
     0 | D:1      | Reached XP level 1. HP: 14/14 MP: 1/1
   340 | D:1      | Reached XP level 2. HP: 14/19 MP: 2/2
   960 | D:2      | Reached XP level 3. HP: 21/23 MP: 3/3
  1062 | D:2      | Noticed Terence
  1072 | D:2      | Killed Terence
  1113 | D:2      | Reached XP level 4. HP: 29/29 MP: 4/4
  1659 | D:3      | Reached skill level 4 in Armour
  1661 | D:3      | Reached skill level 1 in Dodging
  1713 | D:3      | Reached skill level 4 in Fighting
  2015 | D:3      | Noticed Jessica
  2021 | D:3      | Killed Jessica
  2021 | D:3      | Reached skill level 3 in Maces & Flails
  2021 | D:3      | Reached XP level 5. HP: 19/33 MP: 5/5
  2069 | D:3      | Noticed Ijyb
  2076 | D:3      | Killed Ijyb
  2104 | D:3      | Found a faded altar to an unknown god.
  2118 | D:3      | Became a worshipper of Xom the Random Number God
  2130 | D:3      | XOM: potion effect (berserk rage)
  2132 | D:3      | Reached skill level 4 in Shields
  2146 | D:3      | XOM: potion effect (agility)
  2147 | D:3      | XOM: potion effect (heal wounds)
  2149 | D:3      | Reached XP level 6. HP: 37/39 MP: 6/6
  2740 | D:4      | XOM: divination: detect items
  2763 | D:4      | Found a shadowy altar of Dithmenos.
  2813 | D:4      | Reached skill level 2 in Dodging
  2999 | D:4      | Found a burning altar of Makhleb.
  3000 | D:4      | Found a sparkling altar of Nemelex Xobeh.
  3000 | D:4      | Found a shattered altar of Ashenzari.
  3000 | D:4      | Found a snail-covered altar of Cheibriados.
  3005 | D:4      | Found a bloodstained altar of Trog.
  3006 | D:4      | Found an opulent altar of Gozag.
  3016 | D:4      | Reached skill level 5 in Armour
  3019 | D:4      | Got a translucent ring mail
  3030 | D:4      | Identified the +0 ring mail "Rafiss" {MR+ Regen+ rCorr Dex-3} (You found it on level 4 of the Dungeon)
  3058 | D:4      | XOM: divination: magic mapping
  3068 | D:4      | Reached XP level 7. HP: 39/44 MP: 7/7
  3070 | D:4      | Found a deep blue altar of Sif Muna.
  3204 | D:4      | Reached skill level 5 in Fighting
  3213 | D:4      | XOM: enchant monster (good)
  3413 | D:4      | Reached skill level 4 in Maces & Flails
  3413 | D:4      | Reached skill level 5 in Shields
  3434 | D:4      | Found Ceofawk's Magic Scroll Boutique.
  3840 | D:5      | Entered Level 5 of the Dungeon
  3892 | D:5      | XOM: summons friendly quasit
  3980 | D:5      | XOM: 3-stop teleportation journey
  4432 | D:5      | XOM is BORED!
  4432 | D:5      | XOM: give mutation
  4432 | D:5      | Gained mutation: Scrolls take you a little longer to read. [Xom's mischief]
  4516 | D:5      | XOM: potion effect (berserk rage)
  4520 | D:5      | XOM: summons friendly white imp
  4806 | D:6      | Reached skill level 3 in Dodging
  4806 | D:6      | Reached XP level 8. HP: 50/50 MP: 8/8
  4947 | D:6      | XOM: medium Air miscast
  4962 | D:6      | XOM: smoke on damage
  5027 | D:6      | XOM: mild Divn miscast
  5067 | D:6      | Found a blossoming altar of Fedhas.
  5129 | D:6      | XOM: mild Summ miscast
  5152 | D:6      | XOM: stat loss: -1 Dex (7/8)
  5170 | D:6      | XOM: 3-stop teleportation journey
  5191 | D:6      | XOM: smoke on damage
  5288 | D:6      | XOM: give mutation
  5288 | D:6      | Gained mutation: Your body sometimes deteriorates upon taking damage. [Xom's mischief]
  5674 | D:6      | XOM: harmless Hex miscast
  5732 | D:7      | Noticed Menkaure
  5741 | D:7      | Reached skill level 6 in Armour
  5744 | D:7      | HP: 9/51 [Menkaure (12)]
  5749 | D:7      | Killed Menkaure
  5749 | D:7      | Reached skill level 6 in Fighting
  5964 | D:7      | Found a staircase to the Ecumenical Temple.
  6169 | D:7      | XOM: give mutation
  6169 | D:7      | Gained mutation: You expend magic power (3 MP) to strengthen your wands. [Xom's mischief]
  6347 | D:8      | Reached skill level 5 in Maces & Flails
  6347 | D:8      | Reached skill level 6 in Shields
  6380 | D:8      | XOM: summons 4 hostile demons
  6381 | D:8      | Noticed a blue devil
  6400 | D:8      | HP: 12/51 [blue devil[Xom] (13)]
  6400 | D:8      | XOM: butterfly on damage
  6511 | D:8      | Got a thick robe
  6522 | D:8      | Identified the +2 robe "Toreasho" {Str+6} (You found it on level 8 of the Dungeon)
  6605 | D:8      | XOM: silly message
  6606 | D:8      | XOM: god gift: pair of faintly humming boots {god gift}
  6607 | D:8      | Got a pair of faintly humming boots {god gift}
  6675 | D:8      | Identified the +2 pair of boots of Xom's Generosity {rCorr Str+4 Stlth+} (Xom gifted it to you on level 8 of the Dungeon)
  6694 | D:8      | XOM: summons 4 hostile demons
  6723 | D:8      | XOM: summons 3 hostile demons
  6795 | D:8      | Found a staircase to the Lair.
  6947 | D:8      | Reached XP level 9. HP: 37/56 MP: 9/9
  6961 | D:8      | Reached skill level 4 in Dodging
  7016 | D:8      | XOM: draining
  7216 | D:8      | XOM: colour smoke trail
  7514 | D:9      | Found a radiant altar of Vehumet.
  7517 | D:9      | XOM: potion effect (brilliance)
  7535 | D:9      | HP: 9/56 [ice beast (14)]
  7540 | D:9      | XOM: potion effect (heal wounds)
  7550 | D:9      | HP: 10/56 [ice beast (11)]
  7689 | D:9      | Reached skill level 7 in Armour
  7707 | D:9      | XOM: potion effect (berserk rage)
  7710 | D:9      | XOM: potion effect (invisibility)
  7765 | D:9      | XOM: noise
  7820 | D:9      | Reached skill level 7 in Fighting
  8093 | D:9      | XOM: enchant monster (bad)
  8094 | D:9      | XOM: fog
  8098 | D:9      | Reached skill level 7 in Shields
  8168 | D:9      | Reached skill level 6 in Maces & Flails
  8184 | D:9      | XOM: summons friendly ufetubus
  8202 | D:9      | XOM: harmless Fire miscast
  8272 | D:9      | Found a white marble altar of Elyvilon.
  8272 | D:9      | Found a glowing silver altar of Zin.
  8272 | D:9      | Found a glowing golden altar of the Shining One.
  8346 | D:9      | Lost mutation: You expend magic power (3 MP) to strengthen your wands. [potion of cure mutation]
  8346 | D:9      | Lost mutation: Your body sometimes deteriorates upon taking damage. [potion of cure mutation]
  8346 | D:9      | Lost mutation: Scrolls take you a little longer to read. [potion of cure mutation]
  8373 | D:9      | Reached skill level 5 in Dodging
  8373 | D:9      | Reached XP level 10. HP: 63/63 MP: 10/10
  8789 | D:10     | Entered Level 10 of the Dungeon
  8789 | D:10     | Noticed kae's ghost (experienced DsNe)
  8877 | D:10     | Noticed Psyche
  8890 | D:10     | XOM: cast spell 'Spider Form'
  8890 | D:10     | HP: 16/64 [Psyche/magic dart (7)]
  8897 | D:10     | HP: 13/64 [Psyche/dagger of distortion (6)]
  8897 | D:10     | HP: 3/64 [Psyche/puff of frost (10)]
  8898 | D:10     | Killed Psyche
  8913 | D:10     | HP: 5/64 [giant frog skeleton (2)]
  8917 | D:10     | Slain by a giant frog skeleton

Vault maps used:
D:1:      dpeg_arrival_rhombi, grunt_decor_one_mirror
D:2:      kennysheep_generic_room_15, uniq_terence
D:3:      first_bread, ecumenical_altar_2, uniq_jessica, uniq_iyjb
D:4:      lemuel_round_altar, grunt_temple_overflow_open,
          nicolae_dithmenos_shadow_blocks, serial_shops, shop,
          kennysheep_generic_room_4
D:5:      kennysheep_small_spiral
D:6:      fedhas_altar_fruit_tree
D:7:      minmay_temple_entry_junction2, minmay_misc_feat_square, uniq_menkaure
D:8:      lair_0_dummy, minmay_misc_feat_four_crosses
D:9:      good_gods_mini_temple, fiery_altar_vehumet
D:10:     hangedman_little_slice_of_home, uniq_grum, uniq_erica, uniq_psyche

Action                   |  1- 3 |  4- 6 |  7- 9 | 10-12 || total
-------------------------+-------+-------+-------+-------++-------
Melee: Flail             |    89 |   210 |   659 |    40 ||   998
       Unarmed           |       |       |       |     9 ||     9
Evoke: Wand              |       |     1 |       |     2 ||     3
  Use: Scroll            |     4 |     7 |     6 |     1 ||    18
       Potion            |     2 |       |     4 |     1 ||     7
 Stab: Sleeping          |       |       |     1 |     1 ||     2
       Distracted        |       |       |     1 |       ||     1
       Invisible         |       |       |     1 |       ||     1
  Eat: Chunk             |     1 |     7 |    10 |       ||    18
       Bread ration      |       |       |     1 |     1 ||     2
       Pizza             |       |       |     1 |       ||     1
       Fruit             |       |       |     5 |     1 ||     6

Vault maps used:
D:1:      dpeg_arrival_rhombi, grunt_decor_one_mirror
D:2:      kennysheep_generic_room_15, uniq_terence
D:3:      first_bread, ecumenical_altar_2, uniq_jessica, uniq_iyjb
D:4:      lemuel_round_altar, grunt_temple_overflow_open,
          nicolae_dithmenos_shadow_blocks, serial_shops, shop,
          kennysheep_generic_room_4
D:5:      kennysheep_small_spiral
D:6:      fedhas_altar_fruit_tree
D:7:      minmay_temple_entry_junction2, minmay_misc_feat_square, uniq_menkaure
D:8:      lair_0_dummy, minmay_misc_feat_four_crosses
D:9:      good_gods_mini_temple, fiery_altar_vehumet
D:10:     hangedman_little_slice_of_home, uniq_grum, uniq_erica, uniq_psyche

Table legend:
 A = Turns spent in this place as a percentage of turns spent in the entire game.
 B = Non-inter-level travel turns spent in this place as a percentage of non-inter-level travel turns spent in the entire game.
 C = Inter-level travel turns spent in this place as a percentage of turns spent in this place.
 D = Turns resting spent in this place as a percentage of non-inter-level travel turns spent in this place.
 E = Turns spent auto-exploring this place as a percentage of non-inter-level travel turns spent in this place.
 F = Non-inter-level travel turns spent in this place divided by the number of levels of this place that you've seen.
                   A       B       C       D       E      F
               +-------+-------+-------+-------+-------+----------------------
         Total | 100.0 | 100.0 |   0.4 |   1.2 |   7.8 | 301.9
       Dungeon | 100.0 | 100.0 |   0.4 |   1.2 |   7.8 | 301.9
               +-------+-------+-------+-------+-------+----------------------

Table legend:
 A = Kills in this place as a percentage of kills in entire the game.
 B = Kills by you in this place as a percentage of kills by you in the entire game.
 C = Kills by friends in this place as a percentage of kills by friends in the entire game.
 D = Other kills in this place as a percentage of other kills in the entire game.
 E = Experience gained in this place as a percentage of experience gained in the entire game.
 F = Experience gained in this place divided by the number of levels of this place that you have seen.
                   A       B       C       D       E      F
               +-------+-------+-------+-------+-------+----------------------
         Total | 100.0 | 100.0 | 100.0 |  -nan | 100.0 | 548.3
       Dungeon | 100.0 | 100.0 | 100.0 |  -nan | 100.0 | 548.3
               +-------+-------+-------+-------+-------+----------------------
